 Dungeon Crawl Stone Soup version 0.22-a0-348-gd16d139 (webtiles) character file.

3680 zero the Geomancer (level 10, -11/56 HPs)
             Began as a Gargoyle Earth Elementalist on Apr 10, 2018.
             Was a Believer of Vehumet.
             Mangled by a freezing wraith (13 damage)
             ... led by a death knight
             ... on level 7 of the Dungeon.
             The game lasted 00:17:11 (9276 turns).

zero the Geomancer (Gargoyle Earth Elementalist)    Turns: 9276, Time: 00:17:11

Health: -11/56     AC:  9    Str: 12    XL:     10   Next: 13%
Magic:  0/17       EV: 13    Int: 19    God:    Vehumet [**....]
Gold:   530        SH:  0    Dex: 10    Spells: 10/19 levels left

rFire    . . .     SeeInvis .   a - +2 dagger (venom)
rCold    . . .     Gourm    .   (no shield)
rNeg     + . .     Faith    .   B - +0 robe {MR+}
rPois    ∞         Spirit   +   (no helmet)
rElec    +         Reflect  .   s - scarf {cloud immunity}
rCorr    .         Harm     .   (no gloves)
MR       +....                  (no boots)
Stlth    +++++.....             f - amulet of guardian spirit
HPRegen  0.18/turn              p - +3 ring of slaying
MPRegen  0.15/turn              w - ring of stealth

@: slowed, very slow
A: negative energy resistance 1, electricity resistance, unbreathing,
petrification resistance, rot immunity, AC +7
a: Renounce Religion


You were on level 7 of the Dungeon.
You worshipped Vehumet.
Vehumet was pleased with you.
You were not hungry.

You visited 2 branches of the dungeon, and saw 10 of its levels.

You collected 530 gold pieces.

Inventory:

Hand Weapons
 a - a +2 dagger of venom (weapon)
 c - a +0 rapier
Missiles
 b - 129 stones (quivered)
Armour
 s - a scarf of cloud immunity (worn)
 B - a +0 robe of magic resistance (worn)
Jewellery
 f - an amulet of guardian spirit (around neck)
 p - a +3 ring of slaying (left hand)
 w - a ring of stealth (right hand)
Wands
 m - a wand of acid (8)
 u - a wand of random effects (65)
Scrolls
 h - 2 scrolls of teleportation
 j - a scroll of silence {unknown}
 l - a scroll of enchant armour
 x - 2 scrolls of remove curse
 y - a scroll of amnesia
 A - a scroll of magic mapping
Potions
 e - a potion of curing
 g - 3 potions of cancellation
 i - a potion of resistance
 k - a potion of invisibility
 n - 2 potions of might
 o - a potion of degeneration {unknown}
 q - a potion of agility
 r - a potion of flight {unknown}
 t - a potion of mutation {unknown}
 z - a potion of heal wounds {unknown}
Comestibles
 d - 15 rations
 v - 4 chunks of flesh


   Skills:
 - Level 3.0 Fighting
 + Level 4.9 Short Blades
 + Level 4.8 Dodging
 - Level 8.0 Stealth
 - Level 5.0 Spellcasting
 - Level 5.7 Conjurations
   Level 0.7 Transmutations
 - Level 8.0 Earth Magic


You had 10 spell levels left.
You knew the following spells:

 Your Spells              Type           Power        Failure   Level  Hunger
a - Sandblast             Erth           #####.       1%          1    None
b - Stone Arrow           Conj/Erth      ####..       2%          3    ##.....
c - Lee's Rapid Deconstr  Erth           #####.....   13%         5    ######.


Dungeon Overview and Level Annotations

Branches:
Dungeon (9/15)             Temple (1/1) D:4
   Lair: D:8-11         Orc: D:9-12

Altars:
Ashenzari
Cheibriados
Dithmenos
Fedhas
Kikubaaqudgha
Makhleb
Nemelex Xobeh
Qazlal
Sif Muna
Uskayaw
Vehumet
Zin
The Shining One

Shops:
D:4 %

Annotations:
D:1 exclusion: downstairs
D:5 exclusion: downstairs
D:6 Dowan
D:7 exclusion: downstairs


Innate Abilities, Weirdness & Mutations

You are resistant to torment.
Your stone body is resilient. (AC +7)
You are immune to poison.
You resist negative energy. (rN+)
You are resistant to electric shocks. (rElec)
You can survive without breathing.
You are immune to petrification.
You are immune to rotting.


Message History

You climb upwards.
Level annotation: exclusion: downstairs
There is a stone staircase leading down here.
The freezing wraith barely misses you. The freezing wraith hits you!
The freezing wraith drains your vigour!
You feel as though you will be slow longer.
The freezing wraith hits you!
* * * LOW HITPOINT WARNING * * *
The freezing wraith freezes you!
* * * LOW HITPOINT WARNING * * *
The freezing wraith completely misses you.
You feel better. The freezing wraith barely misses you.
The freezing wraith hits you.
* * * LOW HITPOINT WARNING * * *
The freezing wraith drains your vigour!
You feel as though you will be slow longer.
The freezing wraith hits you!
* * * LOW HITPOINT WARNING * * *
The freezing wraith freezes you!
You die...

#.# #................ #.#
##......###......# #.#
#......## ######## #.#
#......# # #.# #......# # #.#
##.##### #.#
####.############### #.#
#...................
#####.#####>W@................
#.........#.##################
#.........#.# #..
#.........#.# #..
#...........###### #..
#.........###....###########..
#..........<..................
#####.#.....#....###....######
#.#..........# #....######


You could see a freezing wraith.

Vanquished Creatures
  A two-headed ogre (D:8)
  The ghost of Demitroll the Sneak, a novice VSWn of Ru (D:4)
  Menkaure (D:6)
  Duvessa (D:6)
  A water moccasin (D:7)
  An ice beast (D:8)
  2 ogres
  4 phantoms
  6 bullfrogs
  A scorpion (D:7)
  3 killer bees (D:8)
  3 wights (D:8)
  3 howler monkeys (D:7)
  A centaur zombie (D:7)
  4 crimson imps
  A bullfrog zombie (D:6)
  2 jellies (D:7)
  2 hounds
  Crazy Yiuf (D:6)
  4 orc wizards
  A quasit (D:7)
  2 orc priests
  A gnoll shaman (D:4)
  Jessica (D:2)
  3 worker ants
  A hound skeleton (D:6)
  Robin (D:2)
  12 gnolls
  A worker ant zombie (D:5)
  12 adders
  2 shadow imps
  4 worms
  2 leopard geckos
  16 orcs
  2 ball pythons
  5 giant cockroaches
  12 goblins
  7 hobgoblins
  7 jackals (D:7)
  7 quokkas
  A ball python skeleton (D:4)
  7 bats
  2 frilled lizards
  9 kobolds
  A quokka skeleton (D:6)
  A quokka zombie (D:7)
  2 rats
165 creatures vanquished.

Notes
Turn   | Place    | Note
-------+----------+-------------------------------------------
     0 | D:1      | zero the Gargoyle Earth Elementalist began the quest for the Orb.
     0 | D:1      | Reached XP level 1. HP: 10/10 MP: 3/3
     0 | D:1      | Noticed an ogre
     0 | D:1      | Noticed a minotaur
     0 | D:1      | Noticed an elf
     5 | D:1      | Noticed a minotaur
     7 | D:1      | Noticed a spriggan
     9 | D:1      | Noticed an ogre
    10 | D:1      | Noticed a human
    11 | D:1      | Noticed a ghoul
    15 | D:1      | Noticed a centaur
    15 | D:1      | Noticed a spriggan
    15 | D:1      | Noticed a felid
    17 | D:1      | Noticed a centaur
    19 | D:1      | Noticed a draconian
    21 | D:1      | Noticed a centaur
   307 | D:1      | Reached XP level 2. HP: 15/15 MP: 5/5
   901 | D:2      | Noticed Robin
  1112 | D:3      | Reached XP level 3. HP: 19/19 MP: 4/6
  1423 | D:5      | Entered Level 5 of the Dungeon
  1423 | D:5      | Noticed a phantom
  1508 | D:4      | Reached XP level 4. HP: 24/24 MP: 4/8
  1513 | D:4      | Learned a level 3 spell: Stone Arrow
  1589 | D:4      | Noticed a phantom
  2183 | D:3      | HP: 1/24 [phantom (6)]
  2203 | D:3      | Killed a phantom
  2203 | D:3      | Reached skill level 5 in Earth Magic
  2203 | D:3      | Reached XP level 5. HP: 16/28 MP: 0/10
  2405 | D:3      | Learned a level 5 spell: Lee's Rapid Deconstruction
  2503 | D:3      | Found a faded altar of an unknown god.
  2949 | D:2      | Killed Robin
  3218 | D:2      | Noticed Jessica
  3228 | D:2      | Killed Jessica
  3228 | D:2      | Reached XP level 6. HP: 32/32 MP: 7/11
  3789 | D:4      | Noticed Demitroll's ghost (novice VSWn)
  3810 | D:4      | Killed Demitroll's ghost
  3810 | D:4      | Reached skill level 5 in Stealth
  3810 | D:4      | Reached XP level 7. HP: 32/36 MP: 1/13
  3936 | D:4      | Found Afaeduocsoa's Food Emporium.
  4304 | D:4      | Found a staircase to the Ecumenical Temple.
  4399 | Temple   | Entered the Ecumenical Temple
  4415 | Temple   | Became a worshipper of Vehumet
  4965 | D:5      | Reached skill level 5 in Spellcasting
  5131 | D:5      | Reached XP level 8. HP: 41/41 MP: 13/15
  5219 | D:5      | Found a deep blue altar of Sif Muna.
  5220 | D:5      | Found a burning altar of Makhleb.
  5224 | D:5      | Found a hide-covered altar of Uskayaw.
  5226 | D:5      | Found a snail-covered altar of Cheibriados.
  5486 | D:5      | Found a deep blue altar of Sif Muna.
  5518 | D:5      | Found a glowing golden altar of the Shining One.
  5571 | D:6      | Reached skill level 1 in Short Blades
  5571 | D:6      | Reached skill level 1 in Conjurations
  5657 | D:6      | Noticed Duvessa
  5666 | D:5      | Reached skill level 1 in Fighting
  5858 | D:6      | Noticed Dowan
  6620 | D:6      | Found an ancient bone altar of Kikubaaqudgha.
  6673 | D:6      | Noticed Menkaure
  6692 | D:6      | Killed Menkaure
  7060 | D:6      | Killed Duvessa
  7060 | D:6      | Reached XP level 9. HP: 30/49 MP: 1/16
  7139 | D:6      | Reached * piety under Vehumet
  7139 | D:6      | Offered knowledge of Magic Dart by Vehumet.
  7197 | D:6      | Found a runed door.
  7201 | D:6      | Noticed Crazy Yiuf
  7205 | D:6      | Killed Crazy Yiuf
  8479 | D:8      | Noticed a death knight
  8479 | D:8      | Noticed a freezing wraith
  8479 | D:8      | Noticed a freezing wraith
  8816 | D:8      | Offered knowledge of Shock by Vehumet.
  8929 | D:8      | Reached ** piety under Vehumet
  9149 | D:8      | Noticed a two-headed ogre
  9160 | D:8      | Killed a two-headed ogre
  9160 | D:8      | Reached skill level 5 in Conjurations
  9160 | D:8      | Reached XP level 10. HP: 56/56 MP: 13/17
  9274 | D:7      | HP: 1/56 [freezing wraith[a death knight] (9)]
  9276 | D:7      | Mangled by a freezing wraith

Vault maps used:
D:1:      shiori_arrival_whats_in_store_for_you
D:2:      first_ration, uniq_robin, uniq_jessica
D:3:      chequers_ecumenical_altar_twisty
D:4:      minmay_temple_entry_water_ring, serial_shops, shop_coins
D:5:      kennysheep_mini_moat, minitemple, lemuel_blue_sif_altar
D:6:      kennysheep_little_box, uniq_crazy_yiuf_cottage, uniq_duvessa,
          uniq_menkaure
D:8:      grunt_temple_overflow_diamond
D:9:      serial_shops, shop_fountains
Temple:   dshaligram_water_room_temple

Skill      XL: |  1  2  3  4  5  6  7  8  9 |
---------------+----------------------------+-----
Earth Magic    | 4 5 6 7 8 |  8.0
Stealth        | 3 4 5 6 8 |  8.0
Spellcasting   | 3 4 5 |  5.0
Short Blades   | 2 4 |  4.9
Conjurations   | 2 5 |  5.7
Fighting       | 2 3 |  3.0
Dodging        | 2 4 |  4.8
Transmutations | |  0.7

Action                   |  1- 3 |  4- 6 |  7- 9 | 10-12 || total
-------------------------+-------+-------+-------+-------++-------
Melee: Dagger            |    60 |   116 |   354 |     9 ||   539
       Unarmed           |     5 |       |       |       ||     5
 Cast: Sandblast         |     3 |     9 |    34 |     5 ||    51
       Stone Arrow       |       |    10 |    17 |     7 ||    34
Evoke: Wand              |       |       |     3 |       ||     3
  Use: Scroll            |     2 |     5 |    10 |       ||    17
       Potion            |       |     4 |       |     1 ||     5
 Stab: Sleeping          |     6 |     2 |    12 |       ||    20
       Distracted        |       |       |     2 |     1 ||     3
  Eat: Ration            |     1 |     1 |       |       ||     2
       Chunk             |       |     4 |    17 |     1 ||    22
Armor: Robe              |    28 |    52 |   144 |     3 ||   227
       Skin              |       |     4 |       |       ||     4
Dodge: Dodged            |    37 |    83 |   240 |    12 ||   372

Table legend:
 A = Spawn XP
 B = Non-spawn XP
 C = Spawn XP percentage of total XP
 D = Spawn monster count
 E = Non-spawn monster count
 F = Spawn count percentage of total count
 G = Total turns spent on level
                    A         B        C        D         E        F      G
               +---------+---------+-------+---------+---------+-------+---------
         Total |       0 |    5258 |   0.0 |       0 |     165 |   0.0 |  9276
               +---------+---------+-------+---------+---------+-------+---------
           D:1 |       0 |      19 |   0.0 |       0 |      11 |   0.0 |  1031
           D:2 |       0 |     140 |   0.0 |       0 |      25 |   0.0 |   998
           D:3 |       0 |     215 |   0.0 |       0 |      22 |   0.0 |  1343
           D:4 |       0 |     727 |   0.0 |       0 |      22 |   0.0 |  1483
           D:5 |       0 |     403 |   0.0 |       0 |      15 |   0.0 |  1065
           D:6 |       0 |     897 |   0.0 |       0 |      19 |   0.0 |  1285
           D:7 |       0 |    1094 |   0.0 |       0 |      30 |   0.0 |  1365
           D:8 |       0 |    1723 |   0.0 |       0 |      20 |   0.0 |   573
           D:9 |       0 |      40 |   0.0 |       0 |       1 |   0.0 |   100
               +---------+---------+-------+---------+---------+-------+---------
